 Dungeon Crawl Stone Soup version 0.31-a0-176-g91f28db67f (webtiles) character file.

Game seed: 17806497998874018529

150 qw the Shooter (level 5, -11/49 HPs)
             Began as a Naga Hunter on June 17, 2023.
             Mangled by a gnoll
             ... wielding a +0 halberd
              (12 damage)
             ... on level 3 of the Dungeon.
             The game lasted 00:00:45 (1794 turns).

qw the Shooter (Naga Hunter)                        Turns: 1794, Time: 00:00:45

Health: -11/49     AC:  4    Str: 14    XL:     5   Next: 32%
Magic:  5/5        EV:  9    Int:  9    God:
Gold:   170        SH:  0    Dex: 16    Spells: 4/4 levels left

rFire   + . .        Y - +0 shortbow
rCold   . . .        (shield currently unavailable)
rNeg    . . .        c - +0 leather armour
rPois   +            d - +0 helmet
rElec   .            (no cloak)
rCorr   +            (no gloves)
SInv    +            (no barding)
Will    .....        h - amulet of the acrobat
Stlth   ++           e - ring of protection from fire
HPRegen 0.28/turn    k - ring of resist corrosion
MPRegen 0.09/turn

%: acrobat
@: about to teleport, very slow
A: AC +1, large, see invisible, deformed body, poison resistance, slowness 2,
spit poison 1, naga tail 1
a: Spit Poison


You were on level 3 of the Dungeon.
You visited 1 branch of the dungeon, and saw 3 of its levels.

You collected 170 gold pieces.


Innate Abilities, Weirdness & Mutations

Your serpentine skin is tough. (AC +1)
You have supernaturally acute eyesight. (SInv)
Armour fits poorly on your strangely shaped body.
Your system is resistant to poisons. (rPois)
You cover ground very slowly.
You can spit poison.
You have a snake-like lower body.


   Skills:
 - Level 3.2 Fighting
 + Level 5.3 Ranged Weapons
 - Level 1.5 Dodging
 - Level 1.5 Stealth


You had 4 spell levels left.
You didn't know any spells.
Your spell library was empty.

Inventory:

Hand Weapons
 Y - a +0 shortbow (weapon)
Armour
 a - a +0 cloak
 c - a +0 leather armour (worn)
 d - a +0 helmet (worn)
Jewellery
 e - a ring of protection from fire (left hand)
 h - an amulet of the acrobat (around neck)
 k - a ring of resist corrosion (right hand)
Scrolls
 f - a scroll of torment {unknown}
 i - a scroll of teleportation
 l - a scroll of poison {unknown}
Potions
 b - 2 potions of haste
 g - a potion of ambrosia {unknown}
 j - a potion of invisibility {unknown}

Dungeon Overview and Level Annotations

Branches:
Dungeon (3/15)

Altars:
Dithmenos


Message History

Press: ? - help, Shift-Dir - straight line, f/p - gnoll The splash of poison hits the gnoll.
The gnoll is poisoned.
The gnoll is moderately wounded.
The gnoll barely misses you. The gnoll hits you with a +0 club.
You shoot an arrow. The arrow hits the gnoll.
The gnoll is heavily wounded.
The gnoll closely misses you.
You shoot an arrow. The arrow hits the gnoll.
The gnoll is severely wounded.
The gnoll hits you from afar with a +0 halberd.
The gnoll barely misses you.
You shoot an arrow. The arrow hits the gnoll!
You kill the gnoll!
You have got your breath back.
The gnoll hits you from afar with a +0 halberd!
The gnoll hits you with a +0 mace.
1791 ||| INVOKING Spit Poison.
Aiming: Spit Poison (1% risk of failure)
Press: ? - help, Shift-Dir - straight line, f - gnoll The splash of poison hits the gnoll.
The gnoll is poisoned.
The gnoll is lightly wounded.
The gnoll drinks a potion.
The gnoll suddenly seems more resistant.
The gnoll closely misses you.
You shoot an arrow.
The arrow hits the gnoll but does no damage.
The gnoll is lightly wounded.
The gnoll hits you from afar with a +0 halberd!
The gnoll hits you but does no damage.
You shoot an arrow. The arrow hits the gnoll.
The gnoll is moderately wounded.
You have got your breath back.
The gnoll hits you from afar with a +0 halberd!
The gnoll hits you with a +0 mace. The gnoll barely misses you.
The gnoll closely misses you.
1794 ||| READING 2 scrolls of teleportation.
As you read the scroll of teleportation, it crumbles to dust.
You feel strangely unstable.
The gnoll hits you from afar with a +0 halberd!
You die...

## ## #########
##. ...
#.......# ##..
.... #.......#
#... .....
##.......# #...
...%..#>.......#
#...
......g@.......#
#...
.....g##.......#
#... .....
#.......## ##..
.... #######..#
##... ...
####''####..##
.. #........####
# #..........##
#............##
..............##


You could see 2 gnolls.

Vanquished Creatures
  Terence (D:3)
  6 adders
  A gnoll (D:3)
  A worm (D:3)
  A dart slug (D:2)
  4 endoplasms
  4 giant cockroaches
  8 goblins
  6 hobgoblins
  3 jackals (D:1)
  3 quokkas (D:1)
  4 ball pythons
  3 bats
  2 frilled lizards (D:3)
  3 kobolds
  7 rats
57 creatures vanquished.

Notes
Turn   | Place    | Note
-------+----------+-------------------------------------------
     0 | D:1      | qw the Naga Hunter began the quest for the Orb.
     0 | D:1      | Reached XP level 1. HP: 19/19 MP: 1/1
     0 | D:1      | 0 ||| qw: Version: 0.3-a-5-g6f28e65
     0 | D:1      | 0 ||| qw: Game counter: 476
     0 | D:1      | 0 ||| qw: Always use a shield: true
     0 | D:1      | 0 ||| qw: God list: Okawaru
     0 | D:1      | 0 ||| qw: Allow faded altars: false
     0 | D:1      | 0 ||| qw: Do Orc after D:15 true
     0 | D:1      | 0 ||| qw: Do second Lair branch before Depths: true
     0 | D:1      | 0 ||| qw: Lair rune preference: random
     0 | D:1      | 0 ||| qw: Plans: Normal
     0 | D:1      | 0 ||| PLANNING D:1-11
    23 | D:1      | 23 ||| INVOKING Spit Poison.
    49 | D:1      | 49 ||| INVOKING Spit Poison.
    54 | D:1      | 54 ||| INVOKING Spit Poison.
    80 | D:1      | Reached skill level 4 in Ranged Weapons
    80 | D:1      | Reached XP level 2. HP: 26/26 MP: 2/2
   133 | D:1      | 133 ||| INVOKING Spit Poison.
   143 | D:1      | 143 ||| INVOKING Spit Poison.
   149 | D:1      | 149 ||| INVOKING Spit Poison.
   194 | D:1      | 194 ||| INVOKING Spit Poison.
   202 | D:1      | 202 ||| INVOKING Spit Poison.
   230 | D:1      | 230 ||| INVOKING Spit Poison.
   286 | D:1      | 286 ||| INVOKING Spit Poison.
   335 | D:1      | Reached XP level 3. HP: 32/32 MP: 3/3
   376 | D:1      | 376 ||| INVOKING Spit Poison.
   381 | D:1      | 381 ||| INVOKING Spit Poison.
   386 | D:1      | 386 ||| INVOKING Spit Poison.
   391 | D:1      | 391 ||| INVOKING Spit Poison.
   425 | D:1      | 425 ||| INVOKING Spit Poison.
   429 | D:1      | 429 ||| INVOKING Spit Poison.
   523 | D:1      | 523 ||| INVOKING Spit Poison.
   533 | D:1      | 533 ||| INVOKING Spit Poison.
   679 | D:1      | 679 ||| UPGRADING to amulet of the acrobat.
   684 | D:1      | 684 ||| UPGRADING to ring of protection from fire.
   685 | D:1      | 685 ||| READING scroll labelled WEOHEI LAIPH.
   686 | D:1      | 686 ||| READING scroll labelled ODEWKU NONIO.
   687 | D:1      | 687 ||| READING 3 scrolls labelled AKHLEI CADE.
   690 | D:1      | 690 ||| DROPPING scroll of butterflies.
   711 | D:2      | 711 ||| INVOKING Spit Poison.
   746 | D:2      | 746 ||| INVOKING Spit Poison.
   846 | D:2      | 846 ||| INVOKING Spit Poison.
   880 | D:2      | 880 ||| INVOKING Spit Poison.
  1081 | D:2      | 1081 ||| INVOKING Spit Poison.
  1084 | D:2      | 1084 ||| INVOKING Spit Poison.
  1089 | D:2      | 1089 ||| INVOKING Spit Poison.
  1104 | D:2      | 1104 ||| INVOKING Spit Poison.
  1108 | D:2      | 1108 ||| INVOKING Spit Poison.
  1109 | D:2      | Reached skill level 5 in Ranged Weapons
  1109 | D:2      | Reached XP level 4. HP: 39/39 MP: 4/4
  1148 | D:2      | 1148 ||| INVOKING Spit Poison.
  1153 | D:2      | 1153 ||| INVOKING Spit Poison.
  1154 | D:2      | 1154 ||| INVOKING Spit Poison.
  1284 | D:2      | 1284 ||| INVOKING Spit Poison.
  1290 | D:2      | 1290 ||| INVOKING Spit Poison.
  1328 | D:2      | 1328 ||| INVOKING Spit Poison.
  1347 | D:2      | 1347 ||| INVOKING Spit Poison.
  1430 | D:2      | 1430 ||| UPGRADING to +0 helmet.
  1435 | D:2      | 1435 ||| DROPPING ring of wizardry.
  1436 | D:2      | 1436 ||| UPGRADING to ring of resist corrosion.
  1437 | D:2      | 1437 ||| READING scroll labelled BOSTRU FOLLAPNU.
  1438 | D:2      | 1438 ||| READING scroll labelled FUOCVO QAATUYTH.
  1439 | D:2      | 1439 ||| DRINKING 3 puce potions.
  1459 | D:3      | Found a shadowy altar of Dithmenos.
  1492 | D:3      | 1492 ||| INVOKING Spit Poison.
  1499 | D:3      | 1499 ||| INVOKING Spit Poison.
  1518 | D:3      | 1518 ||| INVOKING Spit Poison.
  1519 | D:3      | Noticed Terence
  1521 | D:3      | 1521 ||| INVOKING Spit Poison.
  1528 | D:3      | 1528 ||| INVOKING Spit Poison.
  1534 | D:3      | 1534 ||| INVOKING Spit Poison.
  1538 | D:3      | Killed Terence
  1539 | D:3      | Reached skill level 3 in Fighting
  1542 | D:3      | Reached XP level 5. HP: 34/49 MP: 5/5
  1648 | D:3      | 1648 ||| INVOKING Spit Poison.
  1724 | D:3      | 1724 ||| INVOKING Spit Poison.
  1748 | D:3      | 1748 ||| INVOKING Spit Poison.
  1777 | D:3      | 1777 ||| INVOKING Spit Poison.
  1783 | D:3      | 1783 ||| INVOKING Spit Poison.
  1787 | D:3      | 1787 ||| INVOKING Spit Poison.
  1791 | D:3      | 1791 ||| INVOKING Spit Poison.
  1793 | D:3      | HP: 3/49 [gnoll/+0 halberd (10)]
  1793 | D:3      | HP: 1/49 [gnoll/+0 mace (2)]
  1794 | D:3      | 1794 ||| READING 2 scrolls of teleportation.
  1794 | D:3      | Mangled by a gnoll

Levels and vault maps discovered:
D:1:      dpeg_arrival_refuge, layout_basic
D:2:      layout_basic, grunt_decor_arrowhead
D:3:      kennysheep_big_flooded_room, layout_rooms,
          mainiacjoe_overflow_cross_hatched, hellmonk_no_cap, uniq_terence

Skill      XL: |  1  2  3  4 |
---------------+-------------+-----
Ranged Weapons | 4 5 |  5.3
Fighting       | 3 |  3.2
Dodging        | |  1.5
Stealth        | |  1.5

Action                     |  1- 3 |  4- 6 || total
---------------------------+-------+-------++-------
  Melee: Unarmed           |       |    18 ||    18
   Fire: Shortbow          |    56 |    46 ||   102
Ability: Spit Poison       |    27 |    19 ||    46
    Use: Scroll            |     3 |     3 ||     6
         Potion            |       |     1 ||     1
 Armour: Leather armour    |     5 |     7 ||    12
         Skin              |       |     1 ||     1
  Dodge: Dodged            |    11 |    34 ||    45

Table legend:
 A = Non-vault XP
 B = Vault XP
 C = Vault XP percentage of total XP
 D = Non-vault monster count
 E = Vault monster count
 F = Vault count percentage of total count
                 A         B        C        D         E       F
            +---------+---------+-------+---------+---------+-------
      Total |     173 |      42 |  19.5 |      54 |       3 |   5.3
            +---------+---------+-------+---------+---------+-------
        D:1 |      48 |       0 |   0.0 |      28 |       0 |   0.0
        D:2 |      72 |       0 |   0.0 |      15 |       0 |   0.0
        D:3 |      53 |      42 |  44.2 |      11 |       3 |  21.4
            +---------+---------+-------+---------+---------+-------
